 Dungeon Crawl Stone Soup version 0.25.0-9-g26727b657a (webtiles) character file.

Game seed: 3703145532062345911

284 Delamore the Cudgeler (level 6, -3/37 HPs)
             Began as a Gargoyle Fighter on June 17, 2020.
             Slain by an ogre
             ... wielding a +0 giant club
              (24 damage)
             ... on level 4 of the Dungeon.
             The game lasted 00:03:16 (3114 turns).

Delamore the Cudgeler (Gargoyle Fighter)            Turns: 3114, Time: 00:03:17

Health: -3/37      AC: 15    Str: 21    XL:     6   Next: 29%
Magic:  6/6        EV:  5    Int:  9    God:
Gold:   101        SH:  9    Dex:  9    Spells: 5/5 levels left

rFire    . . .     SeeInvis .   w - +2 mace (vorpal)
rCold    . . .     Gourm    .   c - +0 kite shield
rNeg     + . .     Faith    +   e - +0 chain mail
rPois    ∞         Spirit   .   l - +0 helmet
rElec    +         Reflect  .   (no cloak)
rCorr    .         Harm     .   s - +0 pair of gloves
MR       .....                  (no boots)
Stlth    ..........             g - amulet of faith
HPRegen  0.12/turn              (no ring)
MPRegen  0.10/turn              (no ring)

@: no status effects
A: negative energy resistance 1, electricity resistance, unbreathing,
petrification resistance, rot immunity, AC +4
a: no special abilities


You were on level 4 of the Dungeon.
You were not hungry.

You visited 1 branch of the dungeon, and saw 4 of its levels.

You collected 101 gold pieces.

Inventory:

Hand Weapons
 a - a +0 flail
 w - a +2 vorpal mace (weapon)
Missiles
 t - 2 javelins (quivered)
Armour
 b - a +0 scale mail
 c - a +0 kite shield (worn)
 e - a +0 chain mail (worn)
 l - a +0 helmet (worn)
 s - a +0 pair of gloves (worn)
Jewellery
 g - an amulet of faith (around neck)
 o - an uncursed ring of poison resistance {unknown}
Wands
 v - a wand of iceblast (5)
Scrolls
 h - 5 scrolls of identify {unknown}
 j - 2 scrolls of remove curse {unknown}
 k - 2 scrolls of magic mapping {unknown}
 m - a scroll of amnesia {unknown}
 r - a scroll of teleportation {unknown}
Potions
 d - 2 potions of might
 i - a potion of magic {unknown}
 n - a potion of heal wounds {unknown}
 p - 2 potions of degeneration {unknown}
 q - 2 potions of curing {unknown}
Comestibles
 f - 7 rations
 u - 6 chunks of flesh


   Skills:
 - Level 3.2 Fighting
 + Level 6.4 Maces & Flails
 - Level 3.2 Armour
 - Level 3.2 Shields


You had 5 spell levels left.
You didn't know any spells.
Your spell library was empty.

Dungeon Overview and Level Annotations

Branches:
Dungeon (4/15)             Temple (0/1) D:4

Altars:
Xom
Zin


Innate Abilities, Weirdness & Mutations

You are resistant to torment.
Your stone body is resilient. (AC +4)
You are immune to poison.
You resist negative energy. (rN+)
You are resistant to electric shocks. (rElec)
You can survive without breathing.
You are immune to petrification.
You are immune to rotting.


Message History

You butcher the adder corpse.
u - 6 chunks of flesh (gained 2)
Things that are here:
a hound skeleton; an adder skeleton
Things that are here:
a hound skeleton; an adder skeleton You now have 101 gold pieces (gained 7).
An ogre comes into view. It is wielding a +0 giant club.
The ogre shouts!
You hear a shout!
Found a staircase to the Ecumenical Temple.
An ogre is nearby!
You enter the shallow water.
Moving in this stuff is going to be slow.
Your shield and chain mail prevent you from hitting the ogre.
The ogre hits you with a +0 giant club!
You hit the ogre.
The ogre is lightly wounded.
The ogre hits you with a +0 giant club!!
Ouch! That really hurt!
You die...

#. ##.....
#.#≈≈≈≈≈≈≈≈
#.#≈#.....#
#..≈.......
#..≈.......
##..≈...>...
#...≈.......
#..@O.......
#..#≈#.....
#..#≈≈≈≈≈≈≈≈
#..###.....#
#...........
##.##.....##.
##..# ##...#
#..### .....
#....##.....#


You could see an ogre.

Vanquished Creatures
  A hound (D:4)
  An orc priest (D:3)
  Robin (D:3)
  3 gnolls
  7 adders
  3 worms
  A dart slug (D:2)
  3 leopard geckos (D:3)
  7 orcs
  3 ball pythons
  4 giant cockroaches
  19 goblins
  7 hobgoblins
  11 jackals
  A quokka (D:3)
  12 bats
  5 frilled lizards
  8 kobolds
  5 rats
102 creatures vanquished.

Vanquished Creatures (others)
  A goblin (D:4)
  A hobgoblin (D:4)
2 creatures vanquished.

Grand Total: 104 creatures vanquished

Notes
Turn   | Place    | Note
-------+----------+-------------------------------------------
     0 | D:1      | Delamore the Gargoyle Fighter began the quest for the Orb.
     0 | D:1      | Reached XP level 1. HP: 14/14 MP: 1/1
   197 | D:1      | Reached XP level 2. HP: 16/19 MP: 2/2
   302 | D:1      | Reached skill level 3 in Maces & Flails
   800 | D:1      | Reached XP level 3. HP: 22/23 MP: 3/3
  1011 | D:2      | Reached skill level 4 in Maces & Flails
  1270 | D:1      | Reached XP level 4. HP: 27/28 MP: 4/4
  1768 | D:2      | Reached skill level 5 in Maces & Flails
  1860 | D:3      | Found a faded altar of an unknown god.
  1881 | D:3      | Reached XP level 5. HP: 32/32 MP: 5/5
  1911 | D:3      | Noticed an angel
  1912 | D:3      | Found a glowing silver altar of Zin.
  1912 | D:3      | Found a shimmering altar of Xom.
  2733 | D:4      | Noticed Robin
  2768 | D:3      | Reached skill level 6 in Maces & Flails
  2796 | D:3      | Killed Robin
  2796 | D:3      | Reached XP level 6. HP: 29/37 MP: 6/6
  3108 | D:4      | Found a staircase to the Ecumenical Temple.
  3114 | D:4      | Slain by an ogre

Illustrated notes

Levels and vault maps discovered:
D:1:      wander_arrival_peaceful_grave, layout_basic
D:2:      layout_basic
D:3:      layout_basic, grunt_temple_overflow_order_and_chaos_1, first_ration,
          chequers_ecumenical_altar_simple
D:4:      gammafunk_cloud_chamber, layout_cave_pools, kennysheep_little_box,
          minmay_temple_entry_water_ring, uniq_sigmund, uniq_robin, uniq_pikel,
          uniq_crazy_yiuf_cottage

Skill      XL: |  1  2  3  4  5 |
---------------+----------------+-----
Maces & Flails | 3 4 5 6 |  6.4
Fighting       | |  3.2
Armour         | |  3.2
Shields        | |  3.2

Action                   |  1- 3 |  4- 6 || total
-------------------------+-------+-------++-------
Melee: Flail             |   146 |   260 ||   406
       Mace              |       |    15 ||    15
  Eat: Chunk             |     1 |     7 ||     8
Armor: Chain mail        |   139 |   201 ||   340
       Scale mail        |     2 |       ||     2
Dodge: Dodged            |    51 |    79 ||   130
Block: Kite shield       |    87 |   163 ||   250
